 Dungeon Crawl Stone Soup version 0.23.2-33-g5129a83184 (webtiles) character file.

Game seed: 3995323378824170296

9564 psyvane the Basher (level 11, 0/91 HPs)
             Began as a Purple Draconian Warper on July 9, 2019.
             Was a Believer of Cheibriados.
             Slain by a hornet (12 damage)
             ... on level 10 of the Dungeon.
             The game lasted 01:08:33 (14037 turns).

psyvane the Basher (Purple Draconian Warper)       Turns: 14037, Time: 01:08:33

Health: 0/91       AC: 17    Str: 20    XL:     11   Next: 24%
Magic:  14/14      EV: 17    Int: 20    God:    Cheibriados [**....]
Gold:   394        SH:  0    Dex: 21    Spells: 2/14 levels left

rFire    . . .     SeeInvis .   A - +5 mace (protect)
rCold    + . .     Gourm    .   (no shield)
rNeg     . . .     Faith    .   (armour unavailable)
rPois    .         Spirit   .   (helmet restricted)
rElec    .         Reflect  .   (no cloak)
rCorr    .         Harm     .   J - +2 pair of gloves
MR       +....                  (no boots)
Stlth    ++........             G - amulet of magic regeneration
HPRegen  0.25/turn              r - +5 ring of dexterity
MPRegen  0.39/turn              n - ring of protection from cold

@: protection aura, slowed, very slow
A: breathe power, unfitting armour, cold-blooded, AC +7
a: Breathe Dispelling Energy, Bend Time, Renounce Religion


You were on level 10 of the Dungeon.
You worshipped Cheibriados.
Cheibriados was pleased with you.
You were not hungry.

You visited 2 branches of the dungeon, and saw 11 of its levels.

You collected 490 gold pieces.
You spent 96 gold pieces at shops.

Inventory:

Hand Weapons
 A - a +5 mace of protection (weapon)
 I - a +1 battleaxe of chopping
 K - a +2 hand axe of chopping
 L - a +0 fustibalus
Missiles
 d - 3 tomahawks of dispersal (quivered)
 w - 12 tomahawks
Armour
 m - a +0 buckler
 q - a +0 large shield
 J - a +2 pair of gloves (worn)
Jewellery
 c - an uncursed ring of protection from cold
 n - a ring of protection from cold (right hand)
 r - a +5 ring of dexterity (left hand)
 x - an uncursed ring of flight
 z - an uncursed ring of protection from cold
 G - an amulet of magic regeneration (around neck)
Wands
 g - a wand of polymorph (1)
 v - a wand of disintegration (8)
Scrolls
 a - 2 scrolls of teleportation
 b - a scroll of random uselessness {unknown}
 e - a scroll of holy word {unknown}
 h - 2 scrolls of identify
 j - 2 scrolls of noise
 o - 4 scrolls of enchant armour
 s - 7 scrolls of remove curse {unknown}
 y - 3 scrolls of amnesia {unknown}
 B - a scroll of magic mapping {unknown}
 D - a scroll of fog {unknown}
 F - a scroll of immolation {unknown}
Potions
 k - a potion of mutation
 l - 3 potions of degeneration
 p - a potion of ambrosia
 t - 3 potions of brilliance
 u - a potion of cancellation
 C - a potion of agility
 E - 2 potions of invisibility
 H - a potion of curing
Comestibles
 f - 8 rations
 i - 22 chunks of flesh


   Skills:
 - Level 6.9 Fighting
 - Level 2.0(9.5) Axes
 - Level 13.9(14.0) Maces & Flails
 - Level 0.8 Throwing
 - Level 6.3 Dodging
 * Level 2.0 Shields
 - Level 2.4 Spellcasting
 * Level 2.3 Charms
 - Level 3.4 Translocations
 - Level 2.7 Invocations
 - Level 0.1 Evocations


You had 2 spell levels left.
You knew the following spells:

 Your Spells              Type           Power        Failure   Level  Hunger
a - Blink                 Tloc           N/A          5%          2    ##.....
b - Shroud of Golubria    Chrm/Tloc      ##........   7%          2    ##.....
c - Teleport Other        Tloc           ###.....     11%         3    ###....
d - Swiftness             Chrm/Air       #.......     14%         2    ##.....
e - Gell's Gravitas       Tloc           ###.......   11%         3    ###....

Your spell library contained the following spells:

 Spells                   Type           Power        Failure   Level  Hunger
 Magic Dart               Conj           #...         16%         1    #......
 Shock                    Conj/Air       #...         16%         1    #......
 Call Imp                 Summ           #.......     22%         2    ##.....
 Slow                     Hex            #.......     22%         2    ##.....
 Lesser Beckoning         Tloc           ###.......   11%         3    ###....
 Passage of Golubria      Tloc           N/A          36%         4    #####..
 Conjure Flame            Conj/Fire      #.......     41%         3    ###....
 Mephitic Cloud           Conj/Pois/Air  #.......     41%         3    ###....
 Static Discharge         Conj/Air       #.......     41%         3    ###....
 Airstrike                Air            #.........   83%         4    #####..
 Lightning Bolt           Conj/Air       #.........   99%         5    ######.


Dungeon Overview and Level Annotations

Branches:
Dungeon (10/15)            Temple (1/1) D:6            Lair (0/6) D:9
    Orc (0/2) D:10

Altars:
Ashenzari
Cheibriados
Dithmenos
Elyvilon
Fedhas
Gozag
Hepliaklqana
Kikubaaqudgha
Makhleb
Nemelex Xobeh
Okawaru
Qazlal
Ru
Sif Muna
Trog
Uskayaw
Vehumet
Wu Jian
Xom
Yredelemnul
Zin
The Shining One

Shops:
D:7 *

Annotations:
D:3 1 runed translucent door, Crazy Yiuf
D:7 Joseph


Innate Abilities, Weirdness & Mutations

You can breathe bolts of dispelling energy.
Your rich purple scales are hard. (AC +7)
You cannot fit into any form of body armour.
You are cold-blooded and may be slowed by cold attacks.


Message History

The hornet is moderately wounded.
You feel sick. The hornet closely misses you.
You hit the hornet but do no damage. You tail-slap the hornet.
The hornet is heavily wounded.
You feel yourself speed up.
You feel sick. The hornet misses you. The hornet stings you.
* * * LOW HITPOINT WARNING * * *
You feel yourself slow down.
Your shroud falls apart!
Unknown command.
You closely miss the hornet.
Your tail-slap misses the hornet.
The hornet is heavily wounded.
The hornet misses you. The hornet stings you!
* * * LOW HITPOINT WARNING * * *
You are lethally poisoned!
You feel as though you will be slow longer.
You feel better.
The hornet stings you but does no damage.
The hornet stings you!
You die...

##..## #......# #...#
#....... # ##)#.#
#......< #.#.)#.#####
#.......
..#.#........###[......
......#.>#.....))..))..
....#........>.†.......
.....##y#######.#)......
.... #@#8...8#[[....(..
..## #÷#.....#<#.......
.. #.').>..###[####.#
#.#.....###.# #.#
#.#8...8#...# #..
#.########.## ### ...
#.# # #.# #.# # ..# #.#
#


You could see a hornet.

Vanquished Creatures
  Josephine (D:10)
  Harold (D:9)
  2 two-headed ogres
  Maurice (D:8)
  A komodo dragon (D:9)
  3 trolls (D:10)
  A hornet (D:10)
  2 hippogriffs
  5 wraiths
  3 yaks (D:8)
  A hungry ghost (D:7)
  Duvessa (D:7)
  2 orc warriors (D:10)
  2 ice beasts
  4 sky beasts
  A phantom (D:10)
  4 ogres
  A centaur (D:7)
  5 big kobolds
  2 bullfrogs (D:7)
  2 gnoll sergeants (D:10)
  Dowan (D:7)
  2 scorpions
  4 killer bees (D:9)
  4 crimson imps
  3 howler monkeys
  3 hounds
  2 quasits
  A centaur zombie (D:7)
  2 bullfrog zombies
  A human zombie (D:2)
  6 orc priests
  A bullfrog skeleton (D:5)
  4 orc wizards
  Jessica (D:2)
  An iguana (D:8)
  8 worker ants
  2 killer bee zombies
  2 hound zombies
  A howler monkey zombie (D:5)
  2 worker ant zombies
  Robin (D:4)
  2 gnolls
  A howler monkey skeleton (D:8)
  10 adders
  A shadow imp (D:7)
  An adder skeleton (D:9)
  4 worms
  2 dart slugs
  4 leopard geckos
  25 orcs
  7 bats
  6 giant cockroaches
  18 goblins
  9 hobgoblins
  18 jackals
  3 quokkas
  2 ball pythons (D:2)
  6 frilled lizards
  A jackal skeleton (D:6)
  15 kobolds
  A kobold skeleton (D:2)
  A leopard gecko skeleton (D:4)
  10 rats
  2 fungi (D:3)
246 creatures vanquished.

Vanquished Creatures (others)
  8 plants (D:9)
8 creatures vanquished.

Grand Total: 254 creatures vanquished

Notes
Turn   | Place    | Note
-------+----------+-------------------------------------------
     0 | D:1      | psyvane the Draconian Warper began the quest for the Orb.
     0 | D:1      | Reached XP level 1. HP: 17/17 MP: 3/3
   145 | D:1      | Reached XP level 2. HP: 25/26 MP: 5/5
   153 | D:1      | Learned a level 2 spell: Blink
   156 | D:1      | Learned a level 2 spell: Shroud of Golubria
   299 | D:1      | Reached XP level 3. HP: 20/31 MP: 3/6
  1104 | D:2      | Reached XP level 4. HP: 40/40 MP: 7/7
  1175 | D:2      | Noticed Jessica
  1181 | D:2      | Killed Jessica
  1309 | D:2      | Found an ancient bone altar of Kikubaaqudgha.
  1346 | D:2      | Found a runed translucent door.
  1346 | D:2      | Noticed a human
  1367 | D:2      | Reached XP level 5. HP: 25/47 MP: 3/8
  1512 | D:2      | Found a basalt altar of Yredelemnul.
  1800 | D:3      | Found a blossoming altar of Fedhas.
  1865 | D:3      | Learned a level 3 spell: Teleport Other
  2105 | D:3      | Noticed a hippogriff
  2115 | D:3      | Killed a hippogriff
  2115 | D:3      | Reached skill level 5 in Fighting
  2115 | D:3      | Reached XP level 6. HP: 50/56 MP: 7/9
  2678 | D:3      | Found a runed translucent door.
  2679 | D:3      | Noticed Crazy Yiuf
  3358 | D:4      | Noticed Robin
  3441 | D:4      | Killed Robin
  3458 | D:4      | HP: 2/57 [poisoned by Robin]
  3465 | D:4      | HP: 1/57 [poisoned by Robin]
  3473 | D:4      | HP: 1/57 [poisoned by Robin]
  4232 | D:5      | Entered Level 5 of the Dungeon
  4334 | D:5      | Noticed a sky beast
  4339 | D:5      | Your scales start taking on a rich purple colour.
  4339 | D:5      | Reached XP level 7. HP: 63/63 MP: 7/10
  4341 | D:5      | Reached skill level 5 in Dodging
  5384 | D:5      | Reached skill level 1 in Maces & Flails
  5736 | D:5      | Reached XP level 8. HP: 71/71 MP: 8/11
  5864 | D:5      | Found a glowing golden altar of the Shining One.
  5927 | D:6      | Reached skill level 2 in Maces & Flails
  5942 | D:6      | Found a staircase to the Ecumenical Temple.
  5979 | Temple   | Entered the Ecumenical Temple
  5983 | Temple   | Learned a level 2 spell: Swiftness
  6198 | Temple   | Became a worshipper of Cheibriados the Contemplative
  6283 | D:6      | Noticed a two-headed ogre
  6726 | D:7      | Reached skill level 3 in Maces & Flails
  6938 | D:6      | Reached skill level 4 in Maces & Flails
  7625 | D:7      | Noticed Joseph
  8147 | D:7      | Reached skill level 5 in Maces & Flails
  8393 | D:7      | Reached * piety under Cheibriados
  8393 | D:7      | Reached skill level 6 in Maces & Flails
  8393 | D:7      | Noticed Duvessa
  8398 | D:7      | Noticed Dowan
  8410 | D:7      | Killed Duvessa
  8410 | D:7      | Reached skill level 1 in Invocations
  8425 | D:7      | Killed Dowan
  8899 | D:7      | Reached skill level 7 in Maces & Flails
  9217 | D:7      | Reached XP level 9. HP: 76/78 MP: 12/12
  9257 | D:7      | Found Kicworr's General Store.
  9262 | D:7      | Bought a potion of heal wounds for 60 gold pieces
  9262 | D:7      | Bought a potion of curing for 36 gold pieces
  9636 | D:8      | Reached skill level 8 in Maces & Flails
  9934 | D:8      | Noticed a two-headed ogre
  9956 | D:8      | Noticed Maurice
 10354 | D:8      | Learned a level 3 spell: Gell's Gravitas
 10360 | D:8      | Found a glowing silver altar of Zin.
 10455 | D:8      | Killed Maurice
 10455 | D:8      | Reached skill level 9 in Maces & Flails
 10568 | D:8      | Killed a two-headed ogre
 10568 | D:8      | Reached skill level 10 in Maces & Flails
 11091 | D:9      | Noticed a komodo dragon
 11147 | D:9      | Found a staircase to the Lair.
 11171 | D:9      | Killed a komodo dragon
 11171 | D:9      | Reached XP level 10. HP: 19/84 MP: 9/13
 11491 | D:9      | Reached skill level 11 in Maces & Flails
 11613 | D:9      | Reached ** piety under Cheibriados
 11653 | D:9      | Noticed Harold
 11655 | D:9      | Noticed a two-headed ogre
 12010 | D:9      | Killed a two-headed ogre
 12068 | D:9      | Killed Harold
 12068 | D:9      | Reached skill level 12 in Maces & Flails
 12327 | D:10     | Entered Level 10 of the Dungeon
 12504 | D:10     | Noticed Josephine
 13134 | D:9      | Reached skill level 13 in Maces & Flails
 13299 | D:10     | Killed Josephine
 13299 | D:10     | Reached XP level 11. HP: 64/91 MP: 14/14
 13848 | D:10     | Reached skill level 1 in Charms
 13881 | D:10     | Reached skill level 1 in Shields
 13883 | D:10     | Found a staircase to the Orcish Mines.
 14037 | D:10     | Slain by a hornet

Skill      XL: |  1  2  3  4  5  6  7  8  9 10 11 |
---------------+----------------------------------+-----
Fighting       | 3 4 5 6 |  6.9
Dodging        | 3 4 6 |  6.3
Maces & Flails | 1 7 10 13 | 13.9
Invocations    | 1 2 |  2.7
Charms         | 2 |  2.3
Shields        | 2 |  2.0
Axes           | |  2.0
Throwing       | |  0.8
Spellcasting   | |  2.4
Translocations | |  3.4
Evocations     | |  0.1

Action                   |  1- 3 |  4- 6 |  7- 9 | 10-12 || total
-------------------------+-------+-------+-------+-------++-------
Melee: Hand axe          |    81 |       |       |       ||    81
       Short sword       |    29 |   231 |    62 |       ||   322
       Tailslap          |     3 |    40 |    74 |    77 ||   194
       Mace              |       |       |   411 |   363 ||   774
       Unarmed           |       |       |     6 |       ||     6
Throw: Tomahawk          |       |     1 |       |     1 ||     2
 Cast: Shroud of Golubri |     3 |    16 |    56 |    37 ||   112
       Blink             |       |     6 |    29 |     7 ||    42
       Teleport Other    |       |       |     3 |       ||     3
       Gell's Gravitas   |       |       |     1 |     1 ||     2
Invok: Bend Time         |       |       |     5 |    12 ||    17
 Abil: Breathe Dispellin |       |       |     1 |     1 ||     2
Evoke: Wand              |       |       |     3 |     4 ||     7
  Use: Scroll            |     1 |     8 |    12 |     4 ||    25
       Potion            |       |     1 |     3 |     7 ||    11
 Stab: Sleeping          |     1 |       |     1 |       ||     2
  Eat: Chunk             |     1 |     9 |    18 |     5 ||    33
       Ration            |       |     1 |     3 |     1 ||     5
Armor: Skin              |    32 |    80 |   145 |   106 ||   363
Dodge: Dodged            |    64 |   177 |   454 |   269 ||   964
